 Dungeon Crawl Stone Soup version 0.21.1-1-g345015fe64 (webtiles) character file.

207 ILYA101 the Magician (level 5, 0/35 HPs)
             Began as a Mummy Necromancer on July 14, 2018.
             Was an Initiate of Kikubaaqudgha.
             Slain by a gnoll
             ... wielding a +0 spear
              (6 damage)
             ... on level 3 of the Dungeon.
             The game lasted 00:15:55 (3569 turns).

ILYA101 the Magician (Mummy Necromancer)            Turns: 3569, Time: 00:15:55

Health: 0/35       AC:  2    Str: 11    XL:     5   Next: 54%
Magic:  1/12       EV: 12    Int: 16    God:    Kikubaaqudgha [......]
Gold:   93         SH:  4    Dex: 12    Spells: 4/13 levels left

rFire    x . .     SeeInvis .   (no weapon)
rCold    + . .     Gourm    .   (no shield)
rNeg     + + +     Faith    .   a - +0 robe
rPois    ∞         Spirit   .   (no helmet)
rElec    .         Reflect  +   (no cloak)
rCorr    .         Harm     .   (no gloves)
MR       .....                  (no boots)
Stlth    ++........             i - +4 amulet of reflection
HPRegen  0.11/turn              h - ring of flight
MPRegen  0.13/turn              (no ring)

@: no status effects
A: no food or potions, fire vulnerability, cold resistance 1, negative energy
resistance 3, torment resistance, unbreathing
a: Renounce Religion, Evoke Flight


You were on level 3 of the Dungeon.
You worshipped Kikubaaqudgha.
Kikubaaqudgha was noncommittal.
You were not hungry.

You visited 1 branch of the dungeon, and saw 3 of its levels.

You collected 93 gold pieces.

Inventory:

Armour
 a - a +0 robe (worn)
 c - a +0 buckler
Jewellery
 h - a ring of flight (left hand)
 i - a +4 amulet of reflection (around neck)
 j - an uncursed ring of positive energy {unknown}
Scrolls
 d - a scroll of teleportation
 g - a scroll of amnesia
Books
 b - a book of Necromancy

   Spells                             Type                      Level
   a - Pain                           Necromancy                   1
   b - Animate Skeleton               Necromancy                   1
   c - Vampiric Draining              Necromancy                   3
   d - Regeneration                   Charms/Necromancy            3
   e - Animate Dead                   Necromancy                   4
   f - Borgnjor's Vile Clutch         Necromancy/Earth             5


   Skills:
 + Level 2.3 Dodging
 - Level 1.5 Stealth
 * Level 2.7 Shields
 + Level 4.6 Spellcasting
 + Level 4.3 Necromancy


You had 4 spell levels left.
You knew the following spells:

 Your Spells              Type           Power        Failure   Level  Hunger
a - Pain                  Necr           ###.         2%          1    N/A
b - Animate Skeleton      Necr           N/A          2%          1    N/A
c - Animate Dead          Necr           N/A          26%         4    N/A
d - Vampiric Draining     Necr           ###.......   8%          3    N/A

Dungeon Overview and Level Annotations

Branches:
Dungeon (3/15)

Altars:
Gozag
Kikubaaqudgha


Innate Abilities, Weirdness & Mutations

You do not eat or drink.
Your flesh is vulnerable to fire.
You are immune to poison.
Your flesh is cold resistant. (rC+)
You are immune to negative energy. (rN+++)
You are immune to unholy pain and torment.
You can survive without breathing.


Message History

Aim: a gnoll, wielding a flail (almost dead, chance to defeat MR: 82%)
The gnoll writhes in agony!
You kill the gnoll!
Kikubaaqudgha accepts your kill.
Casting: Pain
Confirm with . or Enter, or press ? or * to list all spells.
Aiming: Pain
Press: ? - help, Shift-Dir - straight line, f - gnoll
Aim: a gnoll (chance to defeat MR: 82%)
The gnoll writhes in agony!
The gnoll hits you.
Casting: Pain
Confirm with . or Enter, or press ? or * to list all spells.
Aiming: Pain
Press: ? - help, Shift-Dir - straight line, f/p - gnoll
Aim: a gnoll (heavily wounded, chance to defeat MR: 82%)
The gnoll barely resists.
The gnoll closely misses you. The gnoll hits you!
* * * LOW HITPOINT WARNING * * *
The gnoll hits you from afar with a spear.
You die...
Kikubaaqudgha rasps: "You have failed me!
Welcome... oblivion!"

#....#.# #..#
######....#.# #..
#.........#.# #.#### .
#........##.# ###.#..##.#
#.....#.###.####
#...#g..)# #.......###.#..
#[#..g.##.#
####........#.####.#.##.#
. #).(....##g#..#.#..#[#
#<......@.g...#.##g#..
####...>#######..#....#..#
#.......# #..........#.#.
#.......# #..(...##.##.##.
#.....### #......##.# .# #
####### ##.######.# #. #.#
.% #.. ..( ###


You could see 2 gnolls.

Vanquished Creatures
  Jessica (D:2)
  Natasha (twice) (D:2)
  2 gnolls (D:3)
  5 adders (D:2)
  2 worms (D:2)
  A dart slug (D:1)
  3 leopard geckos
  4 orcs
  8 bats
  4 giant cockroaches
  3 goblins (D:1)
  4 hobgoblins
  3 jackals (D:2)
  8 kobolds
  A quokka (D:2)
  3 frilled lizards
  3 rats
57 creatures vanquished.

Notes
Turn   | Place    | Note
-------+----------+-------------------------------------------
     0 | D:1      | ILYA101 the Mummy Necromancer began the quest for the Orb.
     0 | D:1      | Reached XP level 1. HP: 13/13 MP: 4/4
   322 | D:1      | Reached XP level 2. HP: 19/19 MP: 3/6
   555 | D:1      | Learned a level 1 spell: Animate Skeleton
  1039 | D:2      | Found an opulent altar of Gozag.
  1110 | D:2      | Reached XP level 3. HP: 24/24 MP: 1/8
  1810 | D:2      | Noticed Natasha
  1817 | D:2      | Killed Natasha
  1817 | D:2      | Reached skill level 1 in Shields
  1817 | D:2      | Reached XP level 4. HP: 30/30 MP: 5/10
  1878 | D:2      | Noticed Natasha
  1892 | D:2      | Killed Natasha
  2251 | D:2      | Learned a level 4 spell: Animate Dead
  2252 | D:2      | Found an ancient bone altar of Kikubaaqudgha.
  2260 | D:2      | Became a worshipper of Kikubaaqudgha
  2478 | D:2      | Reached XP level 5. HP: 35/35 MP: 1/11
  2908 | D:2      | Learned a level 3 spell: Vampiric Draining
  3019 | D:2      | Noticed Jessica
  3021 | D:2      | Killed Jessica
  3569 | D:3      | Slain by a gnoll

Skill      XL: |  1  2  3  4 |
---------------+-------------+-----
Spellcasting   | 3 4 |  4.6
Dodging        | 2 |  2.3
Shields        | 1 2 |  2.7
Stealth        | |  1.5
Necromancy     | |  4.3

Action                   |  1- 3 |  4- 6 || total
-------------------------+-------+-------++-------
Melee: Unarmed           |     6 |     9 ||    15
 Cast: Pain              |    93 |    75 ||   168
       Animate Skeleton  |     1 |     1 ||     2
       Animate Dead      |       |     5 ||     5
  Use: Scroll            |       |     6 ||     6
 Stab: Sleeping          |       |     1 ||     1
Armor: Robe              |     2 |     8 ||    10
Dodge: Dodged            |     6 |    23 ||    29
Block: Other             |       |     5 ||     5
